AoeStats
← InF1caTe

Arabia

510266653Analyzed
1v1 RM · 17h ago on Sep 30, 2026· 89m 55s· 2 players
Game mode
Random Map
Map size
Tiny (2 player)
Population
200
Speed
Normal
Resources
Standard
Victory
Conquest
Starting age
Dark Age
Ending age
Imperial Age
RankedLock teamsTeams togetherTeam positionsShared explorationLock speedFull tech treeHidden civsTurbo modeCheats
Victory
Defeat
🇪🇸 Huns · Spain
968
+17
🇸🇰 Vietnamese · Slovakia
1000
-17
mbf2210
7:20 Loom
9:51 Feudal Age
12:32 Wheelbarrow
14:34 Wheelbarrow
21:18 Castle Age
19:53 Double-Bit Axe
20:00 Horse Collar
20:13 Gold Mining
25:12 Fletching
26:48 Pikeman
34:02 Bow Saw
37:36 Imperial Age
35:52 Ballistics
35:50 Bodkin Arrow
35:56 Town Watch
36:33 Husbandry
38:23 Bracer
40:04 Chemistry
39:29 Conscription
39:45 Hand Cart
39:34 Town Patrol
39:58 Elite Tarkan
41:11 Heavy Plow
42:22 Bloodlines
43:21 Two-Man Saw
42:35 Scale Barding Armor
42:41 Forging
43:33 Marauders
44:05 Chain Barding Armor
46:10 Cavalier
57:55 Elite Skirmisher
58:41 Thumb Ring
58:27 Light Cavalry
59:49 Gold Shaft Mining
59:37 Stone Mining
59:59 Halberdier
60:39 Squires
62:30 Hussar
InF1caTe
2:49 Loom
10:19 Feudal Age
11:12 Double-Bit Axe
20:36 Castle Age
21:43 Bow Saw
21:47 Gold Mining
22:11 Horse Collar
27:33 Heavy Plow
29:35 Pikeman
31:03 Fletching
32:30 Elite Skirmisher
33:59 Bodkin Arrow
35:41 Wheelbarrow
36:06 Hand Cart
36:16 Stone Mining
40:51 Imperial Age
38:08 Town Watch
39:00 Ballistics
41:26 Stone Shaft Mining
41:34 Bracer
42:40 Chemistry
42:50 Imperial Skirmisher
43:24 Cavalier
46:05 Two-Man Saw
46:02 Halberdier
58:34 Scale Mail Armor
58:45 Forging
59:21 Paper Money
59:46 Chain Mail Armor
60:54 Iron Casting
60:42 Scale Barding Armor
61:21 Husbandry
62:38 Plate Mail Armor
62:26 Onager
63:58 Chain Barding Armor
82:37 Light Cavalry
Connection lost

Rejoining the realm…

Still unreachable

The connection could not be restored.

Session expired

The server has moved on; the page needs a fresh start.